 Dungeon Crawl Stone Soup version 0.21.1-1-g345015fe64 (webtiles) character file.

138 Peloso the Covered (level 5, -2/36 HPs)
             Began as a Halfling Fighter on June 15, 2018.
             Slain by artanisace's ghost (7 damage)
             ... on level 3 of the Dungeon.
             The game lasted 00:03:58 (2363 turns).

Peloso the Covered (Halfling Fighter)               Turns: 2363, Time: 00:03:58

Health: -2/36      AC:  8    Str: 23    XL:     5   Next: 45%
Magic:  5/5        EV:  9    Int:  6    God:
Gold:   106        SH: 10    Dex: 14    Spells: 4/4 levels left

rFire    + . .     SeeInvis .   a - +0 long sword
rCold    x . .     Gourm    .   c - +0 shield
rNeg     . . .     Faith    .   b - +0 scale mail
rPois    .         Spirit   .   r - +0 helmet
rElec    .         Reflect  .   (no cloak)
rCorr    .         Harm     .   (no gloves)
MR       .....                  (no boots)
Stlth    ..........             (no amulet)
HPRegen  0.12/turn              m - ring of fire
MPRegen  0.09/turn              (no ring)

@: mighty
A: small, mutation resistance 1
a: no special abilities


You were on level 3 of the Dungeon.
You were not hungry.

You visited 1 branch of the dungeon, and saw 3 of its levels.

You collected 106 gold pieces.

Inventory:

Hand Weapons
 a - a +0 long sword (weapon)
Missiles
 n - 8 bolts
Armour
 b - a +0 scale mail (worn)
 c - a +0 shield (worn)
 r - a +0 helmet (worn)
Jewellery
 m - a ring of fire (left hand)
Scrolls
 e - 3 scrolls of identify {unknown}
 h - 2 scrolls of fear {unknown}
 i - a scroll of amnesia {unknown}
 j - a scroll of teleportation {unknown}
 k - a scroll of blinking {unknown}
 l - 3 scrolls of remove curse {unknown}
 p - a scroll of fog {unknown}
Potions
 g - 3 potions of curing {unknown}
 o - 2 potions of heal wounds {unknown}
 s - a potion of magic {unknown}
Comestibles
 f - 3 rations


   Skills:
 + Level 3.2 Fighting
 + Level 3.6 Long Blades
 + Level 4.0 Armour
 + Level 0.3 Dodging
 + Level 4.0 Shields


You had 4 spell levels left.
You didn't know any spells.

Dungeon Overview and Level Annotations

Branches:
Dungeon (3/15)

Altars:

Annotations:
D:3 artanisace's ghost, amateur TrMo


Innate Abilities, Weirdness & Mutations

You are small and have problems with some larger weapons.
You are somewhat resistant to further mutation.


Message History

The goblin hits you but does no damage.
You slash the goblin!
You kill the goblin!
You see here a goblin corpse.
You now have 106 gold pieces (gained 16).
Artanisace's ghost (amateur Troll Monk) comes into view.
Artanisace's ghost turns its malevolent gaze towards you.
You hear a shout!
Artanisace's ghost is nearby!
Artanisace's ghost is nearby!
You feel very mighty all of a sudden. Artanisace's ghost hits you!
You completely miss artanisace's ghost.
Artanisace's ghost whispers, "The ORB doesn't exist."
Artanisace's ghost hits you!
Your shield prevents you from hitting artanisace's ghost.
Artanisace's ghost hits you!
* * * LOW HITPOINT WARNING * * *
Artanisace's ghost hits you!
You die...

##. ... ..# ..# #.#
#.# #.# #.# #.# #.# ##
#.###.#### #.# ..
#........# #.# .##
#####.##.####.##..=###
#.##...@W.........
#.#######.##...### #.#
#.# .## #.## #.# .#
#..# #.. ... ##.# ###
#.# #.# #.. #.# #.#
#.# #.#


You could see artanisace's ghost.

Vanquished Creatures
  An iguana (D:3)
  5 adders
  An ooze (D:2)
  3 worms
  3 leopard geckos
  An orc (D:3)
  4 giant cockroaches
  8 goblins
  6 hobgoblins
  A quokka (D:2)
  3 bats
  5 frilled lizards
  2 kobolds
  10 rats
53 creatures vanquished.

Notes
Turn   | Place    | Note
-------+----------+-------------------------------------------
     0 | D:1      | Peloso the Halfling Fighter began the quest for the Orb.
     0 | D:1      | Reached XP level 1. HP: 15/15 MP: 1/1
   284 | D:1      | Reached XP level 2. HP: 20/20 MP: 2/2
   807 | D:2      | Reached XP level 3. HP: 25/26 MP: 3/3
  1214 | D:2      | Reached XP level 4. HP: 27/31 MP: 4/4
  1867 | D:3      | HP: 1/31 [iguana (4)]
  1870 | D:3      | Reached XP level 5. HP: 1/36 MP: 5/5
  2355 | D:3      | Noticed artanisace's ghost (amateur TrMo)
  2363 | D:3      | Slain by artanisace's ghost

Skill      XL: |  1  2  3  4  5 |
---------------+----------------+-----
Fighting       | 3 |  3.2
Armour         | 4 |  4.0
Long Blades    | 3 |  3.6
Shields        | 4 |  4.0
Dodging        | |  0.3

Action                   |  1- 3 |  4- 6 || total
-------------------------+-------+-------++-------
Melee: Long sword        |    69 |   112 ||   181
  Use: Potion            |       |     1 ||     1
  Eat: Chunk             |     1 |     4 ||     5
Armor: Scale mail        |    27 |    50 ||    77
Dodge: Dodged            |    20 |    47 ||    67
Block: Shield            |    23 |    63 ||    86
       Rpst.: Long sword |     7 |    16 ||    23
